 Dungeon Crawl Stone Soup version 0.26.1-11-gd32895ea62 (webtiles) character file.

Game seed: 11303230601037845514

857 bnorton916 the Shield-Bearer (level 8, 0/64 HPs)
             Began as a Formicid Fighter on June 21, 2021.
             Was a Believer of Okawaru.
             Slain by a two-headed ogre
             ... wielding a +0 giant spiked club
              (2 damage)
             ... on level 6 of the Dungeon.
             The game lasted 00:07:39 (4289 turns).

bnorton916 the Shield-Bearer (Formicid Fighter)     Turns: 4289, Time: 00:07:40

Health: 0/64       AC: 11    Str: 30    XL:     8   Next: 22%
Magic:  8/8        EV:  9    Int:  7    God:    Okawaru [**....]
Gold:   236        SH: 11    Dex: 10    Spells: 7/7 levels left

rFire    . . .     SeeInvis +   a - +0 war axe
rCold    . . .     Faith    .   l - +0 kite shield
rNeg     . . .     Spirit   .   q - +4 ring mail
rPois    .         Reflect  .   (helmet unavailable)
rElec    .         Harm     .   (no cloak)
rCorr    .         Rampage  .   w - +0 pair of gloves
Will     .....                  (no boots)
Stlth    ..........             y - amulet of the acrobat
HPRegen  0.20/turn              p - +6 ring of strength
MPRegen  0.11/turn              x - ring of flight

@: no status effects
A: permanent stasis, dig shafts and tunnels, four strong arms, antennae 3
a: Dig, Shaft Self, Renounce Religion, Evoke Flight, Heroism


You were on level 6 of the Dungeon.
You worshipped Okawaru.
Okawaru was pleased with you.
You visited 1 branch of the dungeon, and saw 6 of its levels.

You collected 236 gold pieces.

Inventory:

Hand Weapons
 a - a +0 war axe (weapon)
Missiles
 e - 3 javelins
Armour
 l - a +0 kite shield (worn)
 q - a +4 ring mail (worn)
 w - a +0 pair of gloves (worn)
Jewellery
 p - a +6 ring of strength (left hand)
 x - a ring of flight (right hand)
 y - an amulet of the acrobat (around neck)
Wands
 s - a wand of disintegration (14)
Scrolls
 c - 2 scrolls of remove curse
 f - 2 scrolls of noise {unknown}
 g - 3 scrolls of amnesia
 h - 2 scrolls of fog
 i - 4 scrolls of magic mapping
 k - a scroll of enchant weapon {unknown}
 m - 3 scrolls of fear {unknown}
 n - 2 scrolls of identify
 t - a scroll of immolation {unknown}
Potions
 d - 2 potions of might
 j - a potion of lignification {unknown}
 r - 3 potions of curing
 u - 3 potions of attraction


   Skills:
 + Level 5.8 Fighting
 + Level 4.7 Axes
 + Level 5.7 Armour
 + Level 6.3 Shields


You had 7 spell levels left.
You didn't know any spells.
Your spell library was empty.

Dungeon Overview and Level Annotations

Branches:
Dungeon (6/15)
 Temple: D:4-7

Altars:
Okawaru
Ru
Vehumet


Innate Abilities, Weirdness & Mutations

You cannot be hasted, slowed, berserked, paralysed or teleported.
You can dig through walls and to a lower floor.
Your four strong arms can wield two-handed weapons with a shield.
You have a pair of large antennae on your head. (SInv)


Message History

The two-headed ogre hits you with a +0 giant spiked club! x2
* * * LOW HITPOINT WARNING * * *
You closely miss the two-headed ogre.
The two-headed ogre is almost dead.
An orc wizard comes into view. It is wielding a +0 dagger.
You block the two-headed ogre's attack.
The two-headed ogre hits you with a +0 giant spiked club!
* * * LOW HITPOINT WARNING * * *
The orc wizard shouts!
You hit the two-headed ogre but do no damage.
The two-headed ogre is almost dead.
You block the two-headed ogre's attack. x2
The orc wizard mumbles some strange words.
The orc wizard blinks!
You slash the two-headed ogre!
The two-headed ogre is almost dead.
The two-headed ogre hits you with a +0 giant spiked club.
* * * LOW HITPOINT WARNING * * *
The two-headed ogre hits you with a +0 giant spiked club.
You die...

#. #. #. {
##. { .. #.
{
#.##########
#.o§...oO@.#
#.########.#
{... #.# {
###. #.# #.
#.# #. #.#
#O #.# #.#
.. #.# #.#
#.# #.#


You could see a two-headed ogre, an orc wizard and an orc.

Vanquished Creatures
  Menkaure (D:5)
  2 phantoms (D:5)
  A centaur (D:4)
  A scorpion (D:4)
  3 hounds
  2 orc wizards
  A bullfrog skeleton (D:6)
  A centaur skeleton (D:4)
  An iguana (D:4)
  2 worker ants (D:4)
  2 hound skeletons
  6 adders
  A shadow imp (D:5)
  An ooze (D:1)
  A worm (D:5)
  2 leopard geckos
  5 orcs
  A ball python (D:6)
  5 giant cockroaches
  10 goblins
  7 hobgoblins
  4 jackals (D:2)
  2 quokkas
  5 bats
  3 frilled lizards
  A jackal skeleton (D:4)
  7 kobolds
  9 rats
87 creatures vanquished.

Notes
Turn   | Place    | Note
-------+----------+-------------------------------------------
     0 | D:1      | bnorton916 the Formicid Fighter began the quest for the
                  | Orb.
     0 | D:1      | Reached XP level 1. HP: 18/18 MP: 1/1
   115 | D:1      | Reached XP level 2. HP: 19/24 MP: 2/2
   512 | D:1      | Reached skill level 4 in Shields
   512 | D:1      | Reached XP level 3. HP: 29/29 MP: 3/3
   620 | D:2      | Found a radiant altar of Vehumet.
   719 | D:2      | Found an iron altar of Okawaru.
   749 | D:2      | Became a worshipper of Warmaster Okawaru
  1067 | D:3      | Reached XP level 4. HP: 25/37 MP: 4/4
  1494 | D:3      | Reached XP level 5. HP: 42/42 MP: 5/5
  2190 | D:4      | Noticed a centaur
  2198 | D:4      | Killed a centaur
  2198 | D:4      | Reached * piety under Okawaru
  2199 | D:4      | Reached skill level 5 in Shields
  2199 | D:4      | Reached XP level 6. HP: 27/49 MP: 6/6
  2677 | D:4      | Reached XP level 7. HP: 54/55 MP: 7/7
  2963 | D:4      | Reached skill level 5 in Fighting
  2963 | D:4      | Reached skill level 5 in Armour
  3034 | D:4      | Found a sacrificial altar of Ru.
  3185 | D:5      | Entered Level 5 of the Dungeon
  3386 | D:5      | Reached ** piety under Okawaru
  3562 | D:5      | Noticed Menkaure
  3574 | D:5      | Killed Menkaure
  3575 | D:5      | Reached skill level 6 in Shields
  3575 | D:5      | Reached XP level 8. HP: 6/63 MP: 5/8
  4270 | D:6      | Noticed a two-headed ogre
  4289 | D:6      | HP: 2/64 [two-headed ogre/+0 giant spiked club (5)]
  4289 | D:6      | Slain by a two-headed ogre

Illustrated notes

Levels and vault maps discovered:
D:1:      nicolae_arrival_memento_mori, layout_rooms
D:2:      layout_rooms, okawaru_metal_pillars_3, fiery_altar_vehumet
D:3:      wander_river, layout_basic
D:4:      layout_gridville, nicolae_ru_path_of_blood, minmay_box_of_dots
D:5:      layout_basic, uniq_menkaure
D:6:      layout_loops_ring, gammafunk_ghost_gnarly_gnolls,
          kennysheep_generic_room_15

Skill      XL: |  1  2  3  4  5  6  7 |
---------------+----------------------+-----
Shields        | 4 5 6 |  6.3
Fighting       | 4 5 |  5.8
Armour         | 4 5 |  5.7
Axes           | 3 4 |  4.7

Action                   |  1- 3 |  4- 6 |  7- 9 || total
-------------------------+-------+-------+-------++-------
Melee: War axe           |   113 |    93 |    89 ||   295
Invok: Heroism           |       |       |     1 ||     1
 Abil: Dig               |       |     1 |       ||     1
Evoke: Wand              |       |       |     2 ||     2
  Use: Scroll            |       |     9 |     4 ||    13
       Potion            |       |       |     1 ||     1
Armor: Scale mail        |    50 |       |       ||    50
       Ring mail         |    14 |    33 |    23 ||    70
Dodge: Dodged            |    34 |    45 |    27 ||   106
Block: Kite shield       |    81 |    65 |    40 ||   186
